 Dungeon Sprint DCSS version 0.30-a0-824-g6c64550be9 (webtiles) character file.

Game seed: 15582659263506159769

20 rocky1 the Trooper (level 2, -3/20 (30) HPs)
             Began as a Naga Fighter on Feb 28, 2023.
             Slain by a necrophage (4 damage)
             ... in the Dungeon (Sprint IX: "|||||||||||||||||||||||||||||").
             The game lasted 00:00:23 (67 turns).

rocky1 the Trooper (Naga Fighter)                     Turns: 67, Time: 00:00:24

HP:   -3/20 (30)    AC:  4    Str: 18    XL:     2   Next: 79%
MP:   2/2           EV:  7    Int:  8    God:
Gold: 0             SH:  4    Dex: 10    Spells: 1/1 levels left

rFire   . . .      SeeInvis +    a - +0 flail
rCold   . . .      Faith    .    c - +0 buckler
rNeg    . . .      Spirit   .    b - +0 scale mail
rPois   +          Reflect  .    (no helmet)
rElec   .          Harm     .    (no cloak)
rCorr   .          Rampage  .    (no gloves)
Will    .....      NoTele   +    (no barding) Stlth
                                 (no amulet)
HPRegen 0.23/turn                (no ring)
MPRegen 0.08/turn                (no ring)

@: very heavily drained, very slow
A: AC +0, large, see invisible, deformed body, poison resistance, slowness 2,
spit poison 1, naga tail 1
a: Spit Poison


You were in the Dungeon.
You visited 1 branch

Inventory:

Hand Weapons
 a - a +0 flail (weapon)
Armour
 b - a +0 scale mail (worn)
 c - a +0 buckler (worn)
Scrolls
 j - a scroll of blinking
Potions
 d - a potion of might
 e - a potion of curing
 g - a potion of haste
 h - 2 potions of magic
 i - a potion of berserk rage


   Skills:
 + Level 4.2 Fighting
 + Level 3.0 Maces & Flails
 + Level 3.3 Armour
 + Level 0.1 Dodging
 + Level 3.3 Shields


You had one spell level left.
You didn't know any spells.
Your spell library was empty.

Dungeon Overview and Level Annotations

Branches:
Dungeon (1/1)

Altars:


Innate Abilities, Weirdness & Mutations

Your serpentine skin is tough. (AC +0)
You have supernaturally acute eyesight. (SInv)
Armour fits poorly on your strangely shaped body.
Your system is resistant to poisons. (rPois)
You cover ground very slowly.
You can spit poison.
You have a snake-like lower body.


Message History

The necrophage hits you but does no damage.
You barely miss the necrophage.
The necrophage is moderately damaged.
The necrophage hits you.
You completely miss the necrophage.
The necrophage is moderately damaged.
The necrophage barely misses you.
You barely miss the necrophage.
The necrophage is moderately damaged.
The necrophage hits you.
You feel drained. The necrophage hits you.
You hit the necrophage but do no damage.
The necrophage is moderately damaged.
You block the necrophage's attack.
You barely miss the necrophage.
The necrophage is moderately damaged.
The necrophage hits you!
You feel drained.
You closely miss the necrophage.
The necrophage is moderately damaged.
The necrophage hits you.
* * * LOW HITPOINT WARNING * * *
You feel drained.
The necrophage hits you but does no damage.
You closely miss the necrophage.
The necrophage is moderately damaged.
The necrophage closely misses you.
You hit the necrophage.
The necrophage is heavily damaged.
The necrophage hits you.
* * * LOW HITPOINT WARNING * * *
You feel drained.
* * * LOW HITPOINT WARNING * * *
You barely miss the necrophage.
The necrophage is heavily damaged.
The necrophage hits you.
* * * LOW HITPOINT WARNING * * *
You feel drained.
You barely miss the necrophage.
The necrophage is heavily damaged.
You block the necrophage's attack. The necrophage hits you.
You die...

▓.▓
▓.▓
▓.▓
▓†▓
▓.▓
▓.▓
▓.▓
▓.▓
▓@▓
▓n▓
▓o▓
▓.▓
▓.▓
▓.▓
▓.▓
▓+▓


You could see a necrophage and an orc.

Vanquished Creatures
  A white imp (D)
  An ufetubus (D)
  An orc (D)
  A bat (D)
  A hobgoblin (D)
  2 ball pythons (D)
  A frilled lizard (D)
8 creatures vanquished.

Notes
Turn   | Place    | Note
-------+----------+-------------------------------------------
     0 | D        | rocky1 the Naga Fighter began the quest for the Orb.
     0 | D        | Reached XP level 1. HP: 21/21 MP: 1/1
    35 | D        | Noticed a necrophage
    39 | D        | Reached skill level 4 in Fighting
    39 | D        | Reached XP level 2. HP: 27/30 MP: 2/2
    65 | D        | HP: 1/21 [necrophage (2)]
    67 | D        | Slain by a necrophage

Illustrated notes

Levels and vault maps discovered:
D:        linesprint [early_d, line_temple, items_1, d_10, items_2, lair_1,
          lair_end, items_3, orc_1, orc_end, items_4, d_15, swamp_1, shoals_1,
          snake_1, spider_1, d_20, vaults_1, items_5, swamp_end, shoals_end,
          snake_end, spider_end, vaults_end, d_27, items_6, zot_1, zot_end,
          crypt_end, forest_end, elf_end, slime_end, tomb_end, abyss_end,
          pan_hell_end]

Skill      XL: |  1  2 |
---------------+-------+-----
Fighting       | 4 |  4.2
Armour         | 3 |  3.3
Shields        | 3 |  3.3
Maces & Flails | 3 |  3.0
Dodging        | |  0.1

Action                     || total
---------------------------++-------
  Melee: Flail             ||    48
    Use: Potion            ||     1
 Armour: Scale mail        ||    19
  Dodge: Dodged            ||    13
  Block: Buckler           ||    11

Table legend: (Time is in decaauts)
 A = Elapsed time spent in this place.
 B = Non-inter-level travel time spent in this place.
 C = Inter-level travel time spent in this place.
 D = Time resting spent in this place.
 E = Time spent auto-exploring this place.
 F = Levels seen in this place.
 G = Mean time per level.
                   A        B        C        D        E       F      G
               +--------+--------+--------+--------+--------+-----+--------+
         Total |     85 |     85 |      0 |      8 |      0 |   1 |   85.0 |
       Dungeon |     85 |     85 |      0 |      8 |      0 |   1 |   85.0 |
               +--------+--------+--------+--------+--------+-----+--------+

Top non-repeatable levels by time:
       D: 85 daAuts
